 Dungeon Crawl Stone Soup version 0.18.1-48-g4cf74bf (webtiles) character file.

659 Zapata the Cleaver (level 7, 0/85 HPs)
             Began as a Minotaur Berserker on July 16, 2016.
             Was a Priest of Trog.
             Splashed by a jelly's acid (3 damage)
             ... on level 5 of the Dungeon.
             The game lasted 00:04:12 (3438 turns).

Zapata the Cleaver (Minotaur Berserker)             Turns: 3438, Time: 00:04:13

Health: 0/85       AC: -2    Str: 27    XL:     7   Next: 30%
Magic:  6/6        EV: 11    Int:  4    God:    Trog [***...]
Gold:   205        SH:  0    Dex: 11    Spells: 0 memorised, 6 levels left

rFire  . . .     SeeInvis .     a - +0 hand axe
rCold  . . .     Gourm    .     p - +0 ring mail
rNeg   . . .     Faith    +     (no shield)
rPois  .         Spirit   .     (helmet restricted)
rElec  .         Dismiss  .     (no cloak)
rCorr  .         Reflect  .     (no gloves)
SustAt .         Harm     .     (no boots)
MR     .....                    k - amulet of faith
Stlth  ..........               (no ring)
                                s - ring of flight

@: berserking, corroded, very quick, not resistant to hostile enchantments,
extremely unstealthy
A: retaliatory headbutt, horns 2
a: Berserk, Trog's Hand, Burn Spellbooks, Renounce Religion, Evoke Flight


You were on level 5 of the Dungeon.
You worshipped Trog.
Trog was most pleased with you.
You were hungry.

You visited 1 branch of the dungeon, and saw 5 of its levels.

You collected 205 gold pieces.

Inventory:

Hand Weapons
 a - a +0 hand axe (weapon)
Armour
 p - a +0 ring mail (worn)
Jewellery
 k - an amulet of faith (around neck)
 l - an uncursed ring of ice
 s - a ring of flight (left hand)
Wands
 t - a wand of acid (10/15)
 v - a wand of polymorph (14/24)
 w - a wand of slowing (19/48)
Scrolls
 e - 3 scrolls of teleportation
 g - a scroll of magic mapping
 h - a scroll of enchant weapon
 o - a scroll of fear {unknown}
 u - a scroll of remove curse
Potions
 b - a potion of lignification
 d - 2 potions of agility
 f - 2 potions of ambrosia {unknown}
 i - a potion of heal wounds
 j - 2 potions of curing
 q - 2 potions of berserk rage {unknown}
 r - 2 potions of might {unknown}
Comestibles
 c - 3 bread rations
 m - 3 royal jellies
 n - 2 slices of pizza


   Skills:
 - Level 3.6 Fighting
 + Level 10.2 Axes
 - Level 2.4 Armour
 - Level 2.1 Dodging


You had 6 spell levels left.
You didn't know any spells.

Dungeon Overview and Level Annotations

Branches:
Dungeon (5/15)             Temple (0/1) D:5

Altars:
Cheibriados
Dithmenos
Nemelex Xobeh
Trog
Yredelemnul
The Shining One


Innate Abilities, Weirdness & Mutations

You reflexively headbutt those who attack you in melee.
You have a pair of horns on your head.


Message History

* * * LOW HITPOINT WARNING * * *
A jelly is nearby!
You are too injured to fight recklessly!
A jelly is nearby!
You are too injured to fight recklessly!
A jelly is nearby!
You are too injured to fight recklessly!
You are too injured to fight recklessly!
A jelly is nearby!
Your ring mail prevents you from hitting the jelly.
The jelly is severely wounded.
The jelly hits you.
* * * LOW HITPOINT WARNING * * *
You are splashed with acid!
The acid burns!
* * * LOW HITPOINT WARNING * * *
A red film seems to cover your vision as you go berserk!
You feel yourself moving faster!
You feel mighty!
You feel somewhat more hungry. The jelly barely misses you.
You hit the jelly.
Your hands burn!
You die...

#+# ##.# #...
#..#####.#
##.......
#####..J..#
.......@..###.#
######........#
##.####### #.#
###### #.# #....#
#.# #....### #.#
#._).'.###.#
########
#######....#.....#
#......#####


You could see a jelly.

Vanquished Creatures
  The ghost of Typee the Conjurer, an amateur OpCj (D:3)
  A black bear (D:4)
  A phantom (D:5)
  A hound (D:4)
  An orc wizard (D:3)
  2 orc priests (D:4)
  Natasha (thrice) (D:2)
  7 adders
  A gnoll (D:5)
  A howler monkey skeleton (D:4)
  An ooze (D:1)
  An adder zombie (D:5)
  3 worms
  2 dart slugs
  3 giant geckos
  10 orcs
  3 giant cockroaches
  6 goblins
  6 hobgoblins
  3 quokkas
  2 ball pythons
  7 bats
  2 giant newts (D:2)
  10 kobolds
  7 rats
  A spectral orc (D:3)
86 creatures vanquished.

Notes
Turn   | Place    | Note
--------------------------------------------------------------
     0 | D:1      | Zapata the Minotaur Berserker began the quest for the Orb.
     0 | D:1      | Reached XP level 1. HP: 19/19 MP: 0/0
   168 | D:1      | Reached skill level 4 in Axes
   168 | D:1      | Reached XP level 2. HP: 26/26 MP: 1/1
   622 | D:1      | Reached skill level 5 in Axes
   900 | D:2      | Noticed Natasha
   906 | D:2      | Killed Natasha
   906 | D:2      | Reached ** piety under Trog
   906 | D:2      | Reached XP level 3. HP: 24/31 MP: 2/2
   991 | D:2      | Reached XP level 4. HP: 18/39 MP: 3/3
  1045 | D:2      | Reached skill level 6 in Axes
  1047 | D:2      | Found a glowing golden altar of the Shining One.
  1212 | D:2      | Noticed Natasha
  1218 | D:2      | Killed Natasha
  1332 | D:2      | Noticed Natasha
  1338 | D:2      | Killed Natasha
  1338 | D:2      | Reached XP level 5. HP: 15/45 MP: 4/4
  1360 | D:2      | Reached skill level 7 in Axes
  1597 | D:3      | Found a sparkling altar of Nemelex Xobeh.
  1766 | D:3      | Noticed Typee's ghost (amateur OpCj)
  1781 | D:3      | Reached *** piety under Trog
  1782 | D:3      | Killed Typee's ghost
  1782 | D:3      | Reached skill level 8 in Axes
  1782 | D:3      | Reached XP level 6. HP: 13/51 MP: 5/5
  2102 | D:3      | Found a basalt altar of Yredelemnul.
  2481 | D:4      | Found a bloodstained altar of Trog.
  2535 | D:4      | Reached skill level 9 in Axes
  2643 | D:4      | Reached XP level 7. HP: 46/57 MP: 6/6
  2868 | D:5      | Entered Level 5 of the Dungeon
  3155 | D:5      | Reached skill level 10 in Axes
  3157 | D:5      | Found a shadowy altar of Dithmenos.
  3165 | D:5      | Found a staircase to the Ecumenical Temple.
  3398 | D:5      | Found a snail-covered altar of Cheibriados.
  3436 | D:5      | HP: 2/57 [acid (10)]
  3438 | D:5      | Splashed by a jelly's acid

Skill      XL: |  1  2  3  4  5  6  7 |
---------------+----------------------+-----
Axes           | 4 5 6 8 9 10 | 10.2
Fighting       | |  3.6
Armour         | |  2.4
Dodging        | |  2.1

Action                   |  1- 3 |  4- 6 |  7- 9 || total
-------------------------+-------+-------+-------++-------
Melee: Hand axe          |    59 |   130 |    42 ||   231
       Headbutt          |     8 |    21 |     8 ||    37
Invok: Berserk           |       |     2 |     1 ||     3
       Burn Spellbooks   |       |       |     1 ||     1
  Use: Scroll            |     4 |     8 |       ||    12
  Eat: Chunk             |       |     2 |     1 ||     3
       Beef jerky        |       |     1 |       ||     1
       Meat ration       |       |     1 |       ||     1
Armor: Animal skin       |    18 |     5 |       ||    23
       Ring mail         |       |    28 |     7 ||    35
Dodge: Dodged            |    31 |    61 |    15 ||   107
